Map: Catalyst LE

Players

Clem

  • Race: Terran Terran
  • Spawn Location: 11:00

Bly - Winner!

  • Race: Zerg Zerg
  • Spawn Location: 5:00

Event: WCS Austin 2018

VOD

Have the link to the VOD?

Description

Time

  • Played on: June 1, 2018, 3:13 p.m.
  • Length: 31:49

All games in this series

Show
View Real Time Build Order
Export as new Build Order

Clem Terran 

Build Orders: Reaper Expand, Bio Tank, Hellion Banshee 

Get SALT Encoding   

  12  0:00  SCV  
  13  0:12  SCV  
  14  0:17  Supply Depot  
  14  0:24  SCV  
  15  0:38  SCV  
  15  0:40  Barracks  
  16  0:43  Refinery  
  16  0:50  SCV  
  17  1:03  SCV  
  18  1:15  SCV  
  19  1:27  Orbital Command, Reaper  
  20  1:40  Command Center  
  20  1:52  Supply Depot  
  20  1:53  SCV  
  21  2:02  Marine  
  21  2:09  Factory  
  21  2:11  SCV  
  22  2:19  Refinery  
  22  2:22  Barracks Reactor  
  22  2:24  SCV  
  23  2:36  SCV  
  24  2:48  SCV  
  25  2:52  Orbital Command  
  25  2:55  Starport  
  25  3:00  SCV  
  25  3:03  Hellion x2  
  30  3:08  Barracks Tech Lab  
  31  3:12  SCV  
  31  3:18  SCV  
  32  3:24  SCV, Hellion x2  
  37  3:30  SCV  
  38  3:37  Supply Depot  
  38  3:39  Cloaking Field, Banshee  
  38  3:40  Barracks Tech Lab  
  41  3:43  SCV  
  41  3:45  SCV  
  41  3:48  Hellion  
  45  3:56  SCV  
  45  3:58  SCV  
  45  3:59  Hellion  
  45  4:01  Supply Depot  
  49  4:06  Stimpack  
  49  4:08  Marine  
  51  4:10  SCV  
  51  4:11  SCV  
  52  4:23  Banshee, SCV  
  56  4:27  SCV  
  56  4:30  Factory Reactor  
  57  4:33  Marine  
  57  4:35  SCV  
  58  4:39  SCV  
  58  4:42  Command Center  
  56  4:48  SCV  
  56  4:51  SCV, Marine  
  58  4:57  Supply Depot  
  58  5:00  SCV  
  58  5:03  Barracks  
  58  5:04  SCV  
  58  5:05  Barracks  
  60  5:12  SCV, Marine  
  62  5:15  Starport Reactor  
  62  5:16  SCV  
  62  5:21  Siege Tank  
  65  5:24  SCV  
  65  5:25  Engineering Bay  
  65  5:28  Engineering Bay  
  65  5:30  SCV, Marine  
  67  5:36  SCV  
  67  5:42  SCV  
  69  5:44  Refinery, Supply Depot  
  69  5:45  Refinery  
  69  5:46  Supply Depot  
  69  5:48  Marine  
  70  6:03  Terran Infantry Weapons Level 1, Marine x4  
  70  6:04  Siege Tank, SCV x2  
  79  6:06  Marine  
  79  6:07  Terran Infantry Armor Level 1  
  81  6:12  Orbital Command  
  81  6:16  SCV  
  81  6:20  Medivac  
  81  6:23  Supply Depot, Marine x4  
  87  6:26  SCV  
  87  6:28  SCV  
  89  6:34  Supply Depot  
  89  6:36  Medivac  
  89  6:37  Siege Tank  
  94  6:47  Barracks  
  94  6:49  SCV, Barracks  
  94  6:50  SCV  
  94  6:54  SCV  
  95  6:57  Marine  
  95  7:01  SCV  
  93  7:05  Medivac  
  93  7:06  Medivac  
  93  7:07  Marine x2  
  94  7:09  Orbital Command  
  94  7:14  SCV  
  94  7:15  Armory  
  94  7:16  SCV  
  94  7:17  Supply Depot  
  94  7:19  Combat Shield  
  94  7:21  Marine  
  96  7:24  Siege Tank  
  96  7:25  Marine  
  96  7:27  SCV, Marine  
  102  7:31  SCV  
  102  7:35  Supply Depot, SCV  
  104  7:39  SCV  
  104  7:41  Barracks Reactor x2  
  104  7:42  Marine x2  
  104  7:43  SCV  
  108  7:48  SCV  
  108  7:49  Medivac  
  111  7:51  Supply Depot  
  111  7:52  Marine x2, Medivac  
  111  7:55  SCV  
  111  7:58  Marine  
  117  8:00  Marine  
  117  8:01  Marine  
  119  8:05  SCV  
  119  8:10  Marine x2  
  119  8:11  Siege Tank  
  122  8:15  Supply Depot  
  122  8:16  Refinery x2, Marine  
  122  8:17  Marine  
  122  8:18  Marine  
  125  8:20  Terran Infantry Weapons Level 2  
  125  8:26  SCV x2  
  127  8:27  SCV, Marine x2  
  127  8:28  Marine x2  
  127  8:33  Marine  
  132  8:35  Terran Infantry Armor Level 2, Marine x2  
  132  8:36  Marine x2  
  132  8:38  SCV  
  132  8:39  SCV x2  
  139  8:45  Marine  
  139  8:47  Supply Depot, Factory  
  139  8:48  Supply Depot  
  138  8:55  Command Center  
  133  8:57  Marine  
  133  8:59  Medivac  
  136  9:07  Marine x2  
  134  9:11  Marine  
  134  9:12  Marine  
  134  9:15  Siege Tank  
  138  9:19  Terran Vehicle Weapons Level 1  
  138  9:20  Marauder, Marine x4  
  138  9:23  SCV  
  145  9:27  Supply Depot x2  
  145  9:28  SCV  
  146  9:32  Medivac  
  146  9:36  Marine x3  
  151  9:40  Factory Tech Lab  
  151  9:46  Supply Depot x2, Marine  
  151  9:47  Siege Tank, Supply Depot  
  151  9:48  Supply Depot  
  151  9:49  Marine  
  156  9:54  Marine x2  
  156  9:58  Medivac  
  156  9:59  Marine x2  
  162  10:02  Medivac  
  160  10:08  Unknown  
  160  10:15  Barracks  
  160  10:16  Ghost Academy, Barracks  
  160  10:18  Barracks  
  160  10:19  Siege Tank  
  162  10:28  Sensor Tower  
  162  10:29  Liberator  
  152  10:36  Medivac  
  154  10:43  Marauder  
  154  10:48  Siege Tank  
  154  10:49  Liberator  
  162  10:51  Siege Tank  
  162  10:54  Planetary Fortress  
  162  10:56  Refinery, Command Center  
  162  10:57  Marine  
  163  10:58  Refinery  
  163  10:59  Command Center  
  163  11:01  Marine x2  
  160  11:13  SCV x2  
  160  11:18  Ghost  
  160  11:19  Barracks Tech Lab x3  
  160  11:20  Siege Tank, Marine x3  
  160  11:23  Siege Tank  
  171  11:46  Ghost x2  
  174  11:47  Ghost  
  174  11:51  Command Center  
  174  11:52  Siege Tank, Missile Turret  
  179  11:54  Missile Turret  
  179  11:55  Siege Tank, Ghost  
  184  12:02  Marine x3  
  184  12:03  Marine x2  
  188  12:14  Ghost x2  
  189  12:15  Ghost  
  189  12:17  Marine x2  
  189  12:18  Orbital Command  
  193  12:23  Ghost  
  193  12:24  Siege Tank  
  193  12:25  Marine x2  
  200  12:45  Command Center  
  200  12:47  Missile Turret x2, Command Center  
  200  12:48  Refinery  
  200  12:49  Refinery  
  200  12:56  Ghost  
  200  12:57  Marine x2  
  198  13:07  Ghost  
  198  13:08  Planetary Fortress  
  198  13:11  Ghost  
  198  13:12  Marine, Ghost  
  200  13:20  Orbital Command  
  200  13:23  SCV x2  
  200  13:24  SCV  
  200  13:25  Ghost  
  200  13:26  Marine  
  184  13:28  Medivac  
  184  13:31  Medivac  
  186  13:35  Terran Infantry Weapons Level 3  
  186  13:42  Terran Infantry Armor Level 3  
  186  13:45  Ghost x2  
  190  13:52  Terran Ship Weapons Level 1  
  190  13:58  Starport, Medivac  
  190  14:00  Fusion Core  
  192  14:03  SCV x3  
  192  14:04  SCV x2  
  192  14:09  Orbital Command  
  197  14:11  Orbital Command  
  197  14:12  Marine  
  198  14:20  Ghost  
  198  14:25  Medivac  
  181  14:36  Medivac  
  181  14:38  Liberator, Ghost x2  
  179  14:39  Marine x3  
  179  14:41  Ghost  
  179  14:42  Marine x2  
  179  14:44  Starport Tech Lab  
  188  14:47  Starport  
  188  14:48  Ghost  
  188  14:49  Personal Cloaking  
  193  15:06  Marine x3  
  196  15:07  Ghost x2  
  200  15:16  Command Center  
  189  15:29  Liberator x2  
  189  15:31  SCV x3  
  189  15:32  SCV  
  190  15:37  Ghost  
  190  15:39  SCV  
  199  15:50  Orbital Command  
  199  15:54  Starport  
  199  15:55  Starport, Terran Ship Weapons Level 2, Command Center  
  199  15:56  Missile Turret  
  199  15:57  Missile Turret  
  199  16:04  Liberator  
  199  16:13  Orbital Command  
  199  16:15  Command Center  
  199  16:16  Missile Turret  
  197  16:22  Orbital Command  
  197  16:34  SCV x7  
  197  16:35  SCV  
  195  16:42  Ghost  
  195  16:43  Marine x2  
  195  16:47  SCV  
  198  16:56  Siege Tank  
  198  16:57  SCV x2  
  198  17:01  Siege Tank, Refinery, Marine x2, Ghost  
  192  17:02  Ghost  
  192  17:06  Structure Armor  
  198  17:12  Missile Turret  
  198  17:13  Missile Turret x2  
  198  17:15  SCV x2  
  200  17:18  Refinery  
  200  17:25  Orbital Command  
  200  17:36  Ghost  
  198  17:37  Marine x2  
  198  17:38  SCV  
  198  17:41  SCV x2, Ghost  
  198  17:42  Marine  
  198  17:44  SCV x2  
  200  17:49  SCV  
  200  18:04  Missile Turret  
  200  18:06  Missile Turret x2  
  200  18:08  Command Center  
  200  18:11  Nuke  
  200  18:31  Command Center  
  200  18:36  Hi-Sec Auto Tracking  
  200  19:11  Liberator x2  
  200  19:21  SCV  
  200  19:22  SCV, Command Center  
  189  19:27  Ghost x2  
  189  19:30  Starport Reactor x3  
  199  19:32  Terran Ship Weapons Level 3  
  197  19:38  Unknown x2  
  197  19:40  Missile Turret, Planetary Fortress  
  197  19:41  Missile Turret  
  197  19:42  Refinery  
  197  19:44  Ghost  
  199  19:47  Refinery  
  199  19:51  Marine  
  200  19:56  Planetary Fortress, Command Center  
  199  20:01  Marine  
  199  20:14  Missile Turret, Command Center  
  199  20:19  Planetary Fortress  
  199  20:20  Refinery x2, SCV x3  
  199  20:21  SCV x3  
  194  20:22  SCV x4  
  199  20:32  SCV  
  200  20:54  Ghost Academy x2  
  200  20:58  Liberator  
  200  21:01  Unknown  
  200  21:02  Unknown x2  
  200  21:03  Unknown  
  197  21:12  Liberator  
  192  21:21  Liberator  
  192  21:24  Marine, Ghost x2  
  192  21:25  Marine x2  
  186  21:30  Marine  
  186  21:31  Marine, Ghost x2  
  186  21:32  Marine  
  187  21:33  Marine x2  
  187  21:34  Orbital Command  
  192  21:40  Advanced Ballistics  
  192  21:42  Marine  
  192  21:43  Marine x2  
  187  21:52  Orbital Command, Ghost x2  
  186  21:54  Marine  
  186  21:57  Liberator  
  186  21:58  Liberator  
  186  21:59  Orbital Command  
  186  22:00  Ghost  
  186  22:01  Marine x2  
  191  22:02  Marine  
  191  22:07  Nuke x2  
  198  22:25  Medivac  
  198  22:37  Medivac  
  194  23:19  Ghost x2  
  192  23:23  Nuke  
  196  23:28  Ghost  
  196  23:31  Ghost  
  192  23:36  Marine x7  
  192  23:37  Marine  
  200  23:55  Liberator  
  200  24:03  Liberator  
  200  24:08  Siege Tank  
  195  24:13  Medivac, Ghost  
  195  24:15  Marine, Ghost  
  195  24:16  Marine x4  
  192  24:18  Marine x2  
  192  24:21  Ghost, Medivac x2  
  192  24:32  Marine  
  192  24:33  Marine  
  192  24:34  Siege Tank  
  192  24:37  Marine x2  
  200  24:56  Ghost x3  
  200  25:04  Ghost  
  197  25:11  Widow Mine  
  199  25:14  Liberator  
  199  25:18  Medivac x2  
  200  25:25  Liberator x2, Ghost  
  186  25:28  Ghost  
  186  25:29  Ghost  
  186  25:32  Ghost  
  186  25:34  Marine x2  
  186  25:35  Marine  
  191  25:41  Marine x4  
  198  25:53  Ghost  
  198  25:56  Nuke  
  200  25:59  Liberator x2  
  200  26:01  Ghost  
  200  26:04  Ghost  
  198  26:05  Orbital Command  
  198  26:16  Siege Tank  
  198  26:18  Marine, Ghost  
  198  26:21  Marine x4  
  198  26:24  Liberator  
  193  26:40  Siege Tank  
  193  26:42  Orbital Command  
  193  26:43  Ghost  
  193  26:46  Marine  
  198  26:52  Ghost  
  200  26:54  Nuke  
  200  27:12  Refinery  
  200  27:14  Refinery  
  200  27:28  Nuke  
  196  27:51  Ghost  
  196  27:53  Marauder, Ghost  
  196  27:56  Ghost  
  186  28:00  Marine x4  
  186  28:01  Marine x2  
  186  28:05  Marine x2  
  171  28:07  Viking x2  
  171  28:08  Viking  
  171  28:12  Unknown x10  
  163  28:13  Ghost  
  163  28:15  Orbital Command  
  163  28:18  Marine x4  
  163  28:19  Marine x2  
  168  28:20  Ghost  
  168  28:21  Ghost  
  168  28:22  Marine x2  
  168  28:25  Ghost  
  168  28:26  Missile Turret  
  176  28:27  Missile Turret, Liberator x2  
  176  28:28  Missile Turret  
  176  28:30  Missile Turret  
  176  28:32  Siege Tank, Liberator  
  181  28:35  Orbital Command, Marine x2  
  181  28:36  Marine x2  
  181  28:39  Marine x2  
  181  28:40  Marine  
  178  28:41  Barracks  
  178  28:42  Barracks, Ghost  
  178  28:47  Siege Tank  
  189  28:49  Ghost  
  189  28:50  Ghost  
  189  28:53  Ghost  
  189  28:55  Viking  
  198  29:06  Marine x2  
  198  29:09  Marine x3  
  195  29:10  Ghost  
  195  29:11  Marine  
  195  29:12  Marine  
  195  29:13  Marine  
  200  29:24  Medivac  
  200  29:35  Medivac  
  200  29:36  Ghost x2  
  200  29:39  Liberator, Ghost  
  200  29:40  Ghost, Medivac  
  200  29:41  Marine x2  
  200  29:42  Marine x3  
  197  29:46  Marine x2  
  197  29:51  Medivac  
  197  29:52  Marine x2  
  197  29:56  Liberator  
  199  30:04  Ghost  
  200  30:11  Ghost  
  200  30:13  Siege Tank  
  186  30:14  Ghost  
  186  30:16  Ghost  
  159  30:33  Ghost  
  146  30:37  Medivac  
  146  30:40  Marine, Medivac  
  143  30:47  Marine x2  
  133  30:57  Medivac  
  133  31:01  Marine x3  
  120  31:05  Marine  
  120  31:11  Orbital Command, Marine x2  
  111  31:14  Marine  
  112  31:25  Marine  
  115  31:28  Marine  
  115  31:29  Marine x2  
Show
View Real Time Build Order
Export as new Build Order

Bly Zerg - Winner!

Build Orders: Pool First, Brood Lord Corruptor 

Get SALT Encoding   

  12  0:01  Drone  
  13  0:14  Overlord  
  13  0:18  Drone  
  14  0:32  Drone x2  
  16  0:40  Spawning Pool  
  15  0:44  Drone  
  17  0:50  Drone  
  17  1:10  Hatchery  
  16  1:13  Drone  
  17  1:20  Drone  
  17  1:22  Extractor  
  17  1:28  Zergling x2  
  17  1:29  Queen  
  20  1:36  Drone  
  21  1:44  Overlord  
  21  1:51  Drone  
  22  2:04  Drone  
  22  2:05  Queen  
  25  2:12  Drone  
  26  2:22  Queen  
  26  2:24  Metabolic Boost, Drone x2  
  30  2:33  Drone  
  30  2:36  Drone  
  32  2:40  Drone  
  32  2:41  Drone x2  
  32  2:43  Drone  
  36  2:56  Hatchery  
  35  3:00  Overlord  
  35  3:10  Drone  
  35  3:13  Drone  
  35  3:17  Overlord  
  35  3:19  Drone x5  
  41  3:24  Overlord  
  41  3:29  Drone x2  
  41  3:33  Overlord  
  43  3:40  Zergling x4  
  45  3:51  Zergling x10  
  45  3:52  Zergling x2  
  45  3:55  Overlord  
  51  3:57  Extractor  
  51  3:59  Evolution Chamber  
  51  4:00  Queen  
  51  4:10  Drone x4  
  53  4:22  Drone x3  
  53  4:23  Queen  
  57  4:26  Zerg Ground Armor Level 1  
  57  4:27  Spore Crawler  
  57  4:28  Spore Crawler x2  
  54  4:32  Zergling x6  
  57  4:41  Zergling x12  
  60  4:49  Roach Warren  
  60  4:50  Extractor  
  56  4:55  Drone x4  
  56  4:59  Drone x3  
  63  5:07  Drone x3  
  63  5:12  Overlord  
  64  5:17  Overlord  
  64  5:20  Drone x5  
  68  5:26  Lair  
  66  5:30  Drone  
  66  5:31  Drone x2  
  67  5:39  Drone x4  
  67  5:40  Drone x3  
  67  5:41  Drone  
  73  5:44  Roach  
  75  5:50  Roach x3  
  75  5:56  Spore Crawler  
  82  5:57  Roach  
  82  6:00  Overlord  
  82  6:07  Drone x4  
  82  6:08  Drone  
  82  6:09  Hatchery  
  86  6:18  Drone x3  
  86  6:19  Drone x4  
  86  6:21  Extractor  
  86  6:24  Zerg Ground Armor Level 2  
  91  6:25  Glial Reconstitution  
  91  6:26  Evolution Chamber  
  91  6:28  Overseer  
  91  6:32  Drone x2  
  92  6:34  Infestation Pit  
  92  6:43  Extractor  
  92  6:44  Extractor  
  83  6:47  Drone  
  83  6:48  Drone x5  
  83  6:52  Hatchery  
  83  6:55  Drone  
  83  6:56  Drone  
  83  6:57  Drone x3  
  83  7:03  Drone x3  
  83  7:06  Ravager  
  83  7:08  Drone x3  
  87  7:13  Drone x4  
  87  7:14  Hive  
  90  7:17  Overlord  
  90  7:26  Drone x2  
  90  7:28  Infestor x2  
  96  7:30  Zerg Melee Weapons Level 1  
  96  7:32  Overlord  
  95  7:39  Roach x5  
  105  7:47  Drone x3  
  108  7:58  Roach x3  
  112  8:12  Hatchery  
  109  8:14  Overlord  
  109  8:15  Overlord x2  
  109  8:30  Ultralisk Cavern  
  108  8:36  Roach x10  
  108  8:37  Roach x3  
  132  8:50  Drone  
  132  8:51  Drone x4  
  132  8:54  Extractor  
  132  8:55  Zerg Ground Armor Level 3  
  136  9:09  Drone  
  135  9:18  Chitinous Plating  
  135  9:20  Ultralisk  
  135  9:21  Hatchery  
  135  9:22  Overlord x8  
  140  9:26  Zerg Melee Weapons Level 2  
  140  10:01  Ultralisk  
  140  10:02  Ultralisk x3  
  164  10:10  Extractor  
  164  10:12  Drone x2  
  164  10:13  Drone  
  164  10:18  Spire  
  164  10:20  Hatchery  
  162  10:39  Drone x6  
  168  10:58  Extractor  
  168  11:02  Extractor  
  164  11:10  Overlord  
  160  11:12  Adrenal Glands  
  160  11:17  Spore Crawler  
  160  11:18  Drone x3  
  162  11:21  Drone x3  
  163  11:34  Drone x3  
  163  11:36  Greater Spire  
  163  11:39  Ravager  
  167  11:48  Queen  
  167  11:49  Extractor  
  167  11:51  Drone x2  
  167  11:52  Spore Crawler, Drone x2  
  171  11:55  Zerg Melee Weapons Level 3  
  171  11:56  Zerg Missile Weapons Level 1  
  171  12:23  Corruptor x13  
  197  12:31  Baneling Nest  
  196  12:42  Ravager x4  
  200  12:50  Zerg Flyer Armor Level 1  
  199  12:53  Pathogen Glands  
  183  13:19  Infestor x4  
  165  13:32  Zergling x4, Ultralisk x2  
  165  13:33  Zergling x22  
  187  13:34  Centrifical Hooks  
  187  13:46  Zergling x10  
  187  13:48  Brood Lord x3  
  198  13:55  Baneling x2  
  198  13:59  Baneling x8, Spore Crawler x2  
  196  14:10  Brood Lord  
  196  14:14  Zerg Missile Weapons Level 2  
  191  14:31  Queen x2  
  169  14:42  Queen x3  
  175  14:46  Zerg Flyer Armor Level 2  
  175  14:49  Drone x3  
  178  14:54  Drone x3  
  178  14:59  Brood Lord x6  
  199  15:00  Brood Lord x3  
  199  15:02  Extractor  
  199  15:06  Extractor  
  184  15:45  Corruptor x5  
  184  15:46  Corruptor x4  
  184  15:48  Zergling x16  
  184  15:49  Zergling x14  
  199  15:58  Overseer x4  
  199  15:59  Pneumatized Carapace  
  199  16:01  Burrow  
  199  16:16  Zergling x6  
  195  16:27  Queen x2  
  195  16:36  Zergling x10  
  192  16:50  Drone x5  
  192  16:51  Drone x4  
  192  16:52  Drone x4  
  192  16:53  Zergling x12  
  194  17:05  Spore Crawler, Spine Crawler x2  
  191  17:10  Drone  
  191  17:14  Zerg Missile Weapons Level 3  
  191  17:15  Zerg Flyer Weapons Level 1  
  192  17:22  Queen x3  
  198  17:31  Infestor x3  
  191  17:44  Zergling x16  
  193  18:00  Infestor x3  
  193  18:03  Baneling x8  
  193  18:04  Baneling x8  
  199  18:20  Spore Crawler  
  199  18:21  Spore Crawler  
  197  18:32  Drone x3  
  200  18:36  Spore Crawler x2  
  200  18:38  Zergling x4  
  199  18:42  Spore Crawler x3  
  199  18:46  Spore Crawler  
  192  19:05  Spore Crawler  
  192  19:06  Spore Crawler x2  
  184  19:14  Zergling x32  
  191  19:35  Brood Lord  
  191  19:36  Brood Lord  
  189  19:42  Brood Lord x2  
  189  19:43  Brood Lord  
  189  19:45  Corruptor x2  
  199  20:00  Spore Crawler  
  199  20:01  Spore Crawler  
  199  20:02  Spore Crawler  
  199  20:05  Spore Crawler, Zergling x8  
  199  20:06  Spore Crawler  
  185  20:25  Infestor x2, Viper x3  
  197  20:29  Zergling x6  
  200  20:36  Spore Crawler  
  200  20:37  Spore Crawler x2  
  200  20:38  Spore Crawler  
  200  20:39  Spore Crawler  
  167  21:29  Queen x2  
  165  21:39  Corruptor x5  
  165  21:56  Corruptor x6  
  177  22:11  Brood Lord x10  
  177  22:12  Spine Crawler x2  
  177  22:13  Spine Crawler  
  177  22:14  Infestor x2  
  198  22:19  Zerg Flyer Armor Level 3  
  190  22:40  Spore Crawler, Spine Crawler  
  190  22:41  Spine Crawler  
  190  22:42  Spore Crawler  
  183  22:54  Infestor x6  
  183  23:08  Spine Crawler  
  183  23:09  Hatchery  
  168  23:23  Zergling x2  
  168  23:24  Zergling x34  
  174  23:35  Brood Lord  
  174  23:36  Brood Lord x5  
  184  23:50  Queen x2  
  184  23:55  Baneling x13  
  184  23:56  Corruptor x7  
  184  24:02  Spine Crawler  
  197  24:09  Unknown  
  194  24:26  Spore Crawler x3  
  178  24:48  Zergling x32  
  178  24:49  Zergling x4  
  196  24:56  Zerg Flyer Weapons Level 2  
  196  25:03  Extractor x2  
  196  25:06  Infestor x2  
  194  25:18  Spore Crawler  
  190  25:36  Corruptor x3  
  190  25:42  Spore Crawler  
  195  25:43  Drone x3  
  195  25:45  Drone  
  199  25:52  Spore Crawler  
  199  25:53  Baneling x11  
  198  26:05  Spore Crawler  
  189  26:21  Corruptor x5  
  183  26:55  Brood Lord x5  
  183  26:58  Infestor x2  
  197  27:12  Queen x2  
  176  28:04  Zergling x2  
  176  28:05  Zergling x36  
  183  28:09  Infestor x2  
  185  28:33  Corruptor x6  
  194  28:45  Corruptor x4  
  197  29:01  Baneling x16  
  173  29:31  Zergling x36  
  181  29:55  Baneling x2  
  181  29:57  Infestor x5  
  191  30:07  Hatchery  
  168  30:15  Zergling x2  
  168  30:16  Zergling x32  
  162  30:26  Ultralisk  
  156  30:30  Ultralisk x4  
  150  30:41  Ultralisk x4  
  150  30:42  Zergling x4, Ultralisk  
  171  30:51  Baneling  
  171  30:53  Zergling x2  
  171  30:54  Zergling x10  
  165  31:09  Zergling x2  
  165  31:10  Zergling x14  
  173  31:25  Baneling  
  173  31:26  Baneling x3, Hatchery  
Tags
 
Add a new tag
Caveats
  • Supply blocks, unpowered buildings, or Contaminate may cause inaccurate times.
  • Supply counts are checked every 10 seconds.